 Dungeon Crawl Stone Soup version 0.28.0-45-g0d030f2227 (webtiles) character file.

Game seed: 13906494872012877787

465 protoss039 the Skirmisher (level 6, -19/48 HPs)
             Began as a Demonspawn Earth Elementalist on May 28, 2022.
             Was a Follower of Vehumet.
             Killed from afar by an acid dragon (26 damage)
             ... with a splash of acid
             ... on level 4 of the Dungeon.
             The game lasted 00:06:00 (3580 turns).

protoss039 the Skirmisher (DsEE)                    Turns: 3580, Time: 00:06:01

Health: -19/48     AC:  7    Str:  8    XL:     6   Next: 80%
Magic:  5/11       EV: 12    Int: 19    God:    Vehumet [*.....]
Gold:   136        SH:  0    Dex: 13    Spells: 5/11 levels left

rFire   . . .      SeeInvis .   v - +2 spear (vorpal)
rCold   . . .      Faith    .   (no shield)
rNeg    . . .      Spirit   .   b - +0 robe
rPois   +          Reflect  .   p - +0 helmet
rElec   .          Harm     .   (no cloak)
rCorr   .          Rampage  .   (no gloves)
Will    .....                   (no boots)
Stlth   ++........              l - amulet of regeneration
HPRegen 0.96/turn               (no ring)
MPRegen 0.12/turn               (no ring)

@: no status effects
A: hooves 1, slimy green scales 3
a: Renounce Religion


You were on level 4 of the Dungeon.
You worshipped Vehumet.
Vehumet was aware of your devotion.
You visited 1 branch of the dungeon, and saw 4 of its levels.

You collected 136 gold pieces.

Inventory:

Hand Weapons
 n - a +0 dagger of protection
 v - a +2 vorpal spear (weapon)
Missiles
 c - 48 stones
Armour
 b - a +0 robe (worn)
 p - a +0 helmet (worn)
 t - the +2 chain mail "Aruffot" {rC++ Int+6 Slay-5}
   (You found it on level 3 of the Dungeon)

   Int:       It affects your intelligence (+6).
   Slay:      It affects your accuracy & damage with ranged weapons and melee
   (-5).
   rC:        It greatly protects you from cold.
Jewellery
 h - an amulet of reflection
 l - an amulet of regeneration (around neck)
Scrolls
 g - 2 scrolls of torment {unknown}
 i - a scroll of holy word {unknown}
 o - a scroll of fear {unknown}
 r - 2 scrolls of identify {unknown}
 s - a scroll of teleportation {unknown}
 u - a scroll of noise {unknown}
Potions
 a - a potion of degeneration {unknown}
 d - 2 potions of curing {unknown}
 f - a potion of flight {unknown}
 j - 2 potions of lignification {unknown}
 k - 2 potions of invisibility {unknown}
 m - 2 potions of haste {unknown}
 q - a potion of brilliance {unknown}


   Skills:
 * Level 4.1 Fighting
 + Level 2.5 Armour
 - Level 1.7 Dodging
 - Level 1.7 Stealth
 + Level 3.3 Spellcasting
 + Level 1.2 Conjurations
 - Level 1.0 Transmutations
 + Level 3.9 Earth Magic


You had 5 spell levels left.
You knew the following spells:

 Your Spells              Type           Power      Damage    Failure   Level
a - Sandblast             Erth           36%        2d10      3%          1
b - Passwall              Tmut/Erth      10%        N/A       9%          2
c - Stone Arrow           Conj/Erth      24%        3d8       16%         3

Your spell library contained the following spells:

 Spells                   Type           Power      Damage    Failure   Level
 Freeze                   Ice            12%        1d4       14%         1
 Petrify                  Tmut/Erth      12%        N/A       47%         4
 Summon Forest            Summ/Tloc      1%         N/A       99%         5
 Summon Mana Viper        Hex/Summ       3%         N/A       99%         5
 Summon Cactus Giant      Summ           1%         N/A       100%        6


Dungeon Overview and Level Annotations

Branches:
Dungeon (4/15)
 Temple: D:4-7

Altars:
Qazlal
Trog
Vehumet
Yredelemnul


Innate Abilities, Weirdness & Mutations

You have large cloven feet.
You are completely covered in slimy green scales. (AC +4, rPois)


Message History

Unknown command.
Unknown command.
You completely miss the acid dragon. Your kick misses the acid dragon.
The acid dragon spits acid at you. The splash of acid hits you!!
Unknown command.
Casting: Sandblast (safe; 3% risk of failure)
Confirm with . or Enter, or press ? or * to list all spells.
Aiming: Sandblast (safe; 3% risk of failure)
Press: ? - help, Shift-Dir - straight line, f/p - acid dragon
Aim: an acid dragon (catching its breath, 79% to hit)
The blast of sand hits the acid dragon!
The acid dragon is moderately wounded.
The acid dragon bites you. The acid dragon closely misses you.
Unknown command.
Casting: Sandblast (safe; 3% risk of failure)
Confirm with . or Enter, or press ? or * to list all spells.
Aiming: Sandblast (safe; 3% risk of failure)
Press: ? - help, Shift-Dir - straight line, f/p - acid dragon
Aim: an acid dragon (moderately wounded, 79% to hit)
The blast of sand hits the acid dragon but does no damage.
The acid dragon is moderately wounded.
The acid dragon bites you!
* * * LOW HITPOINT WARNING * * *
The acid dragon closely misses you.
Okay, then.
Okay, then.
Okay, then.
Okay, then.
Okay, then.
Casting: Sandblast (safe; 3% risk of failure)
Confirm with . or Enter, or press ? or * to list all spells.
Aiming: Stone Arrow (dangerous; 16% risk of failure)
Press: ? - help, Shift-Dir - straight line, f/p - acid dragon
Aim: an acid dragon (moderately wounded, 68% to hit)
The stone arrow misses the acid dragon.
The acid dragon spits acid at you. The splash of acid hits you!!
Ouch! That really hurt!
You die...

### ..# #.# .. #.#
#############.$..
#<#
#........)D......
### #........@# #
#.........+
########.........#
.......#.........#
.......#.........#
.......####...####
..............#
#####.........#
#.........#


You could see an acid dragon (catching breath).

Vanquished Creatures
  An ogre (D:4)
  A phantom (D:4)
  A hound (D:3)
  2 orc priests (D:3)
  An orc wizard (D:4)
  Robin (D:3)
  7 gnolls
  4 adders
  A dart slug (D:1)
  11 orcs
  5 ball pythons
  11 bats
  6 endoplasms
  11 goblins
  5 hobgoblins
  4 quokkas
  2 frilled lizards
  3 kobolds (D:2)
  2 rats
79 creatures vanquished.

Notes
Turn   | Place    | Note
-------+----------+-------------------------------------------
     0 | D:1      | protoss039 the Demonspawn Earth Elementalist began the
                  | quest for the Orb.
     0 | D:1      | Reached XP level 1. HP: 13/13 MP: 3/3
   117 | D:1      | Found a faded altar of an unknown god.
   131 | D:1      | Reached skill level 1 in Transmutations
   364 | D:1      | Reached skill level 1 in Fighting
   364 | D:1      | Gained mutation: You have large cloven feet. [demonic
                  | ancestry]
   364 | D:1      | Reached XP level 2. HP: 18/21 MP: 5/5
  1494 | D:2      | Found a bloodstained altar of Trog.
  1527 | D:2      | Reached XP level 3. HP: 25/26 MP: 2/6
  1631 | D:2      | Reached skill level 1 in Armour
  1944 | D:2      | Reached skill level 2 in Fighting
  2274 | D:3      | Gained mutation: You are partially covered in slimy green
                  | scales. (AC +2) [demonic ancestry]
  2274 | D:3      | Reached XP level 4. HP: 27/33 MP: 7/7
  2405 | D:3      | Found a radiant altar of Vehumet.
  2411 | D:3      | Became a worshipper of Vehumet
  2572 | D:3      | Noticed Robin
  2693 | D:2      | Gained mutation: You are mostly covered in slimy green
                  | scales. (AC +3) [demonic ancestry]
  2693 | D:2      | Reached XP level 5. HP: 33/39 MP: 2/9
  2812 | D:3      | Reached skill level 3 in Fighting
  3086 | D:3      | Found a stormy altar of Qazlal.
  3199 | D:3      | Found a basalt altar of Yredelemnul.
  3214 | D:3      | Killed Robin
  3227 | D:3      | Reached * piety under Vehumet
  3227 | D:3      | Offered knowledge of Freeze by Vehumet.
  3230 | D:3      | Identified the +2 chain mail "Aruffot" {rC++ Int+6 Slay-5}
  3391 | D:4      | Learned a level 2 spell: Passwall
  3395 | D:4      | Learned a level 3 spell: Stone Arrow
  3411 | D:4      | Noticed a phantom
  3428 | D:4      | Gained mutation: You are completely covered in slimy green
                  | scales. (AC +4, rPois) [demonic ancestry]
  3428 | D:4      | Reached XP level 6. HP: 44/47 MP: 4/10
  3488 | D:4      | Reached skill level 4 in Fighting
  3488 | D:4      | Reached skill level 1 in Conjurations
  3574 | D:4      | Noticed an acid dragon
  3580 | D:4      | Killed from afar by an acid dragon

Illustrated notes

Levels and vault maps discovered:
D:1:      ebering_trefoil_3fold, layout_loops_corners,
          ebering_ecumenical_altar_box
D:2:      layout_loops_ring, basic_altar, minmay_close_crescents
D:3:      layout_basic, nicolae_qazlal_general_emergency,
          mainiacjoe_overflow_24_doors, lemuel_coloured_pillars_altar,
          uniq_robin
D:4:      minmay_spotlight, layout_basic, tso_altar, minmay_temple_entry_tees,
          serial_shops, nicolae_shop_bloodbath_and_beyond

Skill      XL: |  1  2  3  4  5  6 |
---------------+-------------------+-----
Transmutations | 1 |  1.0
Fighting       | 1 2 3 4 |  4.1
Armour         | 1 2 |  2.5
Earth Magic    | 3 |  3.9
Spellcasting   | 3 |  3.3
Conjurations   | 1 |  1.2
Dodging        | |  1.7
Stealth        | |  1.7

Action                   |  1- 3 |  4- 6 || total
-------------------------+-------+-------++-------
Melee: Staff             |    62 |     1 ||    63
       Unarmed           |     1 |       ||     1
       Kick              |    12 |    28 ||    40
       Dagger            |    19 |    59 ||    78
       Punch             |     1 |     1 ||     2
       Spear             |       |    42 ||    42
       Hand axe          |       |     2 ||     2
 Cast: Sandblast         |    47 |    65 ||   112
       Stone Arrow       |       |     1 ||     1
 Stab: Sleeping          |     4 |       ||     4
Armor: Robe              |    27 |    57 ||    84
Dodge: Dodged            |    74 |    86 ||   160
Block: Other             |    12 |       ||    12
